cohdb
Replays
Latest Replays
All Replays
Popular Replays
Top Player Replays
Match Explorer
How It Works
Community
CoH3 Stats
Reddit
Sign in to upload your games and track your stats! →
Sign in with Steam
Match 42958691
Unlisted
Match 42958691
Overview
Messages
Build Orders
End
Construct Infanterie Kompanie
Kettenkrad Recon Vehicle
Selects Mechanized Battlegroup
MG 42 Machine Gun Team
Grenadier Squad
Grenadier Squad
Construct Panzergrenadier Kompanie
Pak 40 Anti-tank Gun Team
MG 42 Bunker
Support Elements
Selects Raid Package
MG 42 Bunker
StuG III G Assault Gun
Medical Bunker
Selects StuG Assault Group
Kettenkrad Recon Vehicle
Selects UNKNOWN (2160084)
Construct Panzer Kompanie
Forward Retreat Point
Sturmpanzer IV Brummbär
Selects Spotting Scopes
Selects Stoßtruppen Assault Package
Kh4ito
SMAW
Legionary
Zlewozmywak
Grzeczyn89
❤KOSMO❤
0
0
Comments
sign in to comment!
No comments posted yet!